 Dungeon Crawl Stone Soup version 0.26-a0-1138-gef23d1325b (webtiles) character file.

Game seed: 5884357996780348192

12 Froggeryz the Cudgeller (level 2, 0/22 HPs)
             Began as a Human Gladiator on Dec 21, 2020.
             Succumbed to an adder's poison
             ... on level 2 of the Dungeon.
             The game lasted 00:00:48 (688 turns).

Froggeryz the Cudgeller (Human Gladiator)            Turns: 688, Time: 00:00:49

Health: 0/22       AC:  8    Str: 16    XL:     2   Next: 45%
Magic:  2/2        EV: 12    Int:  8    God:
Gold:   36         SH:  0    Dex: 14    Spells: 1/1 levels left

rFire    . . .     SeeInvis .   a - +0 flail
rCold    + . .     Faith    .   (no shield)
rNeg     . . .     Spirit   .   k - +0 scale mail
rPois    .         Reflect  .   c - +0 helmet
rElec    .         Harm     .   j - +0 cloak
rCorr    .         Rampage  .   (no gloves)
Will     .....                  (no boots)
Stlth    ..........             (no amulet)
HPRegen  0.07/turn              i - ring of protection from cold
MPRegen  0.08/turn              (no ring)

@: lethally poisoned (0 -> -2)
A: repulsion field 1, strong 1
a: no special abilities


You were on level 2 of the Dungeon.
You visited 1 branch of the dungeon, and saw 2 of its levels.

You collected 36 gold pieces.

Inventory:

Hand Weapons
 a - a +0 flail (weapon)
Missiles
 d - 2 throwing nets (quivered)
 f - 6 javelins
Armour
 c - a +0 helmet (worn)
 j - a +0 cloak (worn)
 k - a +0 scale mail (worn)
Jewellery
 i - a ring of protection from cold (left hand)
Scrolls
 e - 3 scrolls of identify
 h - a scroll of remove curse


   Skills:
 - Level 2.0 Fighting
 * Level 3.7 Maces & Flails
 - Level 2.0 Throwing
 - Level 3.0 Dodging


You had one spell level left.
You didn't know any spells.
Your spell library was empty.

Dungeon Overview and Level Annotations

Branches:
Dungeon (2/15)

Altars:


Innate Abilities, Weirdness & Mutations

You are surrounded by a mild repulsion field. (EV +2)
Your muscles are strong. (Str +2)


Message History

You hit the adder but do no damage.
The adder is severely wounded.
The adder struggles against the net. x2
You hit the adder.
You kill the adder!
You have reached level 2!
You aren't carrying any potions.
As you read the scroll labelled MAQAMM WECOANY, it crumbles to dust.
It is a scroll of identify.
h - a scroll of remove curse None of your equipped items are cursed.
* * * LOW HITPOINT WARNING * * *
You feel sick.
You see here an adder corpse.
You see here 13 gold pieces.
You see here 10 gold pieces.
A kobold comes into view. It is wielding a +0 dagger.
The kobold throws a stone.
The stone hits you but does no damage.
You see here a stone.
You die...

#.#####.#
######..<....#
...$....####.#
#######.# #.#
#######.#
#......†######
#.....$........
#...(@..#######
...?.......#
##.#.......#
#.......#
#.......#
####.#### #.K
###


There were no monsters in sight!

Vanquished Creatures
  An adder (D:2)
  A goblin (D:1)
  A bat (D:1)
  A frilled lizard (D:1)
  A rat (D:1)
5 creatures vanquished.

Notes
Turn   | Place    | Note
-------+----------+-------------------------------------------
     0 | D:1      | Froggeryz the Human Gladiator began the quest for the Orb.
     0 | D:1      | Reached XP level 1. HP: 16/16 MP: 1/1
   678 | D:2      | Gained mutation: You are surrounded by a mild repulsion
                  | field. (EV +2) [potion of mutation]
   678 | D:2      | Gained mutation: Your muscles are strong. (Str +2) [potion
                  | of mutation]
   683 | D:2      | Reached XP level 2. HP: 1/22 MP: 2/2
   684 | D:2      | HP: 1/22 [poisoned by an adder]
   688 | D:2      | Succumbed to an adder's poison

Illustrated notes

Levels and vault maps discovered:
D:1:      co_arrival_square_in_a_square_in_a_square, layout_loops_cross
D:2:      layout_loops_ring, chequers_ecumenical_altar_simple

Action                   || total
-------------------------++-------
Melee: Flail             ||    23
Throw: Throwing net      ||     1
  Use: Potion            ||     1
       Scroll            ||     1
Armor: Scale mail        ||    10
       Leather armour    ||     1
Dodge: Dodged            ||    12

Table legend: (Time is in decaauts)
 A = Elapsed time spent in this place.
 B = Non-inter-level travel time spent in this place.
 C = Inter-level travel time spent in this place.
 D = Time resting spent in this place.
 E = Time spent auto-exploring this place.
 F = Levels seen in this place.
 G = Mean time per level.
                   A        B        C        D        E       F      G
               +--------+--------+--------+--------+--------+-----+--------+
         Total |    692 |    604 |     88 |      0 |    528 |   2 |  346.0 |
       Dungeon |    692 |    604 |     88 |      0 |    528 |   2 |  346.0 |
               +--------+--------+--------+--------+--------+-----+--------+

Top non-repeatable levels by time:
     D:1: 665 daAuts
     D:2: 26 daAuts
